 Dungeon Crawl Stone Soup version 0.31.0-11-ge490571c62 (webtiles) character file.

Game seed: 3173580686214663639

38992 hawla the Tortoise (level 13, -17/100 HPs)
             Began as a Minotaur Fighter on Feb 9, 2024.
             Was a High Priest of Makhleb.
             Demolished by an enormous slime creature (59 damage)
             ... on level 10 of the Dungeon.
             The game lasted 00:32:58 (14015 turns).

hawla the Tortoise (Minotaur Fighter)              Turns: 14015, Time: 00:32:58

Health: -17/100    AC: 32    Str: 30    XL:     13   Next: 66%
Magic:  18/21      EV: 14    Int:  5    God:    Makhleb [*****.]
Gold:   434        SH:  6    Dex: 13    Spells: 12/12 levels left

rFire   + + .        q - +9 long sword "Dedala" {venom, rPois Str+4 Int+2}
rCold   . . .        c - +1 buckler
rNeg    . . .        m - +9 plate armour of Mietagotaz {Will+ Str+5}
rPois   +            k - +0 hat
rElec   .            p - +0 cloak
rCorr   +            B - +1 pair of gloves
SInv    +            G - +0 pair of boots
Will    +....        J - amulet "Fofakh" {rPois Regen+ rCorr Int-2 Stlth+} Stlth
                     w - ring of see invisible
HPRegen 1.16/turn    D - ring "Muluclil" {rPois rF++ EV+5 Str-5 Dex+3}
MPRegen 0.17/turn

%: no passive effects
@: no status effects
A: horns 2, retaliatory headbutt
a: Renounce Religion, Minor Destruction, Lesser Servant of Makhleb, Major
Destruction, Greater Servant of Makhleb


You were on level 10 of the Dungeon.
You worshipped Makhleb.
Makhleb was extremely pleased with you.
You visited 2 branches of the dungeon, and saw 15 of its levels.

You collected 1162 gold pieces.
You spent 728 gold pieces at shops.

Inventory:

Hand Weapons
 q - the +9 long sword "Dedala" (weapon) {venom, rPois Str+4 Int+2}
   (You found it on level 3 of the Dungeon)

   Str+4:     It affects your strength (+4).
   Int+2:     It affects your intelligence (+2).
   rPois:     It protects you from poison
 T - a +2 great sword
Missiles
 e - 9 curare-tipped darts
 r - 24 poisoned darts (quivered)
 x - 7 atropa-tipped darts
 I - 4 datura-tipped darts
Armour
 c - a +1 buckler (worn)
 k - a +0 hat (worn)
 m - the +9 plate armour of Mietagotaz (worn) {Will+ Str+5}
   (You found it on level 13 of the Dungeon)

   Str+5:     It affects your strength (+5).
   Will+:     It increases your willpower.
 p - a +0 cloak (worn)
 B - a +1 pair of gloves (worn)
 G - a +0 pair of boots (worn)
Jewellery
 a - an amulet of reflection
 f - a +6 ring of dexterity
 i - a ring of protection from fire
 w - a ring of see invisible (left hand)
 D - the ring "Muluclil" (right hand) {rPois rF++ EV+5 Str-5 Dex+3}
   (You found it on level 8 of the Dungeon)

   [ring of evasion]

   EV+5:      It affects your evasion (+5).
   Str-5:     It affects your strength (-5).
   Dex+3:     It affects your dexterity (+3).
   rF++:      It greatly protects you from fire.
   rPois:     It protects you from poison
 F - a +4 ring of slaying
 H - a ring of ice
 J - the amulet "Fofakh" (around neck) {rPois Regen+ rCorr Int-2 Stlth+}
   (You took it off a tengu warrior on level 10 of the Dungeon)

   [amulet of regeneration]

   Int-2:     It affects your intelligence (-2).
   rPois:     It protects you from poison Regen+: It increases your rate of
   health regeneration.
   rCorr:     It protects you from acid and corrosion.
   Stlth+:    It makes you more stealthy.
 L - a ring of willpower
 P - a +4 ring of protection
 S - an amulet of regeneration
Wands
 b - a wand of charming (6)
 s - a wand of roots (18)
 u - a wand of flame (39)
 z - a wand of acid (1)
Scrolls
 g - 4 scrolls of poison
 h - 3 scrolls of teleportation
 v - 8 scrolls of identify
 y - a scroll of immolation
 A - a scroll of vulnerability
Potions
 d - 4 potions of might
 j - 3 potions of magic
 l - 6 potions of curing
 n - 3 potions of ambrosia
 o - a potion of berserk rage
 t - 4 potions of lignification
 C - a potion of haste
 E - a potion of resistance
 R - a potion of attraction


   Skills:
 - Level 5.2 Fighting
 - Level 14.4 Long Blades
 - Level 2.4 Axes
 - Level 6.0 Throwing
 + Level 16.7 Armour
 - Level 3.0 Dodging
 - Level 5.1 Shields
 - Level 12.5 Invocations
 - Level 3.1 Evocations


You had 12 spell levels left.
You didn't know any spells.
Your spell library was empty.

Dungeon Overview and Level Annotations

Branches:
Dungeon (14/15)            Temple (1/1) D:4            Lair (0/5) D:10
    Orc (0/2) D:12         Vaults (0/5) D:13

Altars:
Ashenzari
Dithmenos
Elyvilon
Fedhas
Gozag
Hepliaklqana
Kikubaaqudgha
Makhleb
Nemelex Xobeh
Okawaru
Qazlal
Ru
Sif Muna
Trog
Uskayaw
Vehumet
Wu Jian
Xom
Yredelemnul
Zin
The Shining One
Jiyva

Shops:
D:3 :   D:9 =   D:10 (   D:13 *

Annotations:
D:10 Gadfly's ghost, journeyman DsMo
D:14 Jorgrun


Innate Abilities, Weirdness & Mutations

You have a pair of horns on your head.
You reflexively headbutt those who attack you in melee.


Message History

You barely miss the enormous slime creature.
You headbutt the enormous slime creature!
The enormous slime creature is lightly wounded.
You slash the enormous slime creature!
The enormous slime creature is poisoned.
The enormous slime creature is lightly wounded.
You slash the enormous slime creature!
The enormous slime creature looks as sick as possible!
The enormous slime creature is moderately wounded.
The glowing orange brain pulsates.
Something gnaws on your mind!
You feel your power leaking away.
Unknown command.
You hit the enormous slime creature.
The enormous slime creature looks as sick as possible!
The enormous slime creature is moderately wounded.
The enormous slime creature hits you but does no damage.
Unknown command.
You slash the enormous slime creature!
The enormous slime creature is moderately wounded.
Unknown command.
You slash the enormous slime creature!
You headbutt the enormous slime creature.
The enormous slime creature is moderately wounded.
The enormous slime creature closely misses you.
Unknown command.
You slash the enormous slime creature!
Your headbutt misses the enormous slime creature.
The enormous slime creature is moderately wounded.
The enormous slime creature hits you!!!
Ouch! That really hurt!
Unknown command.
Okay, then.
The enormous slime creature attacks as it pursues you!
You block the enormous slime creature's attack.
The glowing orange brain pulsates.
The enormous slime creature attacks as it pursues you!
The enormous slime creature hits you!!!
Ouch! That really hurt!
You die...

)................#......#..##...#
....#####........#.~.~..#..######
...##...#######..#≈≈.~≈.#..##...#
..##.....#....#..#≈≈∩≈≈##..##.#..
..#$.....'....#...≈≈≈≈≈....##.#.#
..#_?....'.J..+....≈≈≈.....'#.#..
..#(..(..'....#...............###
..##.....#GJ###............##...#
#..##...####JW.J@...........###.#
#...#####.....................#..
#...................#####.....##.
##..................#...#[.......
#..................#...###...###
#.......#########..#...##.....##
#)......#.......#..#...#..P.P..#
#.......#.......#..###'#.......#
#.......'.......#...............


You could see an enormous slime creature (extremely poisoned), a glowing orange
brain, 2 jellies and Gadfly's ghost.

Vanquished Creatures
  3 vault guards (D:13)
  A hydra (D:14)
  4 centaur warriors
  2 tengu warriors (D:10)
  4 boulder beetles
  9 two-headed ogres
  Nergalle (D:12)
  2 deep elf pyromancers
  A deep elf zephyrmancer (D:10)
  An oklob plant (D:12)
  A manticore (D:11)
  4 ugly things
  3 cyclopes
  Maurice (D:11)
  An elephant (D:10)
  Joseph (D:8)
  2 gargoyles
  4 unseen horrors
  2 kobold demonologists (D:11)
  A freezing wraith (D:14)
  8 trolls
  A hornet (D:9)
  Grinder (D:3)
  3 slime creatures (D:14)
  3 wyverns
  2 wraiths
  6 shadows
  26 yaks
  A vampire (D:9)
  9 humans (D:13)
  A basilisk (D:10)
  4 vampire mosquitoes
  2 steam dragons
  A water moccasin (D:8)
  2 acid dragons (D:11)
  Duvessa (D:6)
  11 orc warriors
  2 black bears (D:10)
  A meliai simulacrum (D:14)
  2 ice beasts (D:8)
  A laughing skull (D:10)
  A boggart (D:11)
  10 centaurs
  2 phantoms
  3 kobold brigands
  2 bullfrogs
  3 scorpions
  17 wights
  Dowan (D:6)
  5 killer bees
  2 vampire bats (D:3)
  4 howler monkeys (D:10)
  4 bombardier beetles
  3 hounds
  2 jellies (D:6)
  2 gnoll boudas
  11 orc priests
  Crazy Yiuf (D:4)
  2 iguanas (D:4)
  A sleepcap (D:7)
  Ijyb (D:4)
  Natasha (thrice) (D:3)
  22 orc wizards
  A centaur simulacrum (D:10)
  8 adders
  13 gnolls
  A shadow imp (D:6)
  2 white imps
  2 ufetubi (D:7)
  5 dart slugs
  2 ribbon worms (D:3)
  42 orcs
  4 ball pythons
  A bat skeleton (D:3)
  4 bat zombies (D:3)
  9 endoplasms
  5 giant cockroaches
  9 goblins
  8 hobgoblins
  2 jackals
  5 quokkas
  3 bats (D:1)
  6 frilled lizards
  5 kobolds
  7 rats
382 creatures vanquished.

Vanquished Creatures (others)
  A butterfly (D:3)
1 creature vanquished.

Grand Total: 383 creatures vanquished

Notes
Turn   | Place    | Note
-------+----------+-------------------------------------------
     0 | D:1      | hawla the Minotaur Fighter began the quest for the Orb.
     0 | D:1      | Reached XP level 1. HP: 19/19 MP: 0/0
    25 | D:1      | Reached skill level 1 in Dodging
    37 | D:1      | Reached XP level 2. HP: 25/26 MP: 1/1
   237 | D:1      | Found a faded altar of an unknown god.
   276 | D:1      | Reached XP level 3. HP: 28/31 MP: 2/2
   814 | D:2      | Found a white marble altar of Elyvilon.
  1377 | D:3      | Found an opulent altar of Gozag.
  1378 | D:3      | Noticed Grinder
  1384 | D:3      | Paralysed by Grinder for 3 turns
  1404 | D:3      | Identified the +9 long sword "Dedala" {venom, rPois Str+4
                  | Int+2}
  1409 | D:3      | Reached XP level 4. HP: 16/40 MP: 3/3
  1601 | D:3      | Paralysed by Grinder for 3 turns
  1603 | D:3      | Killed Grinder
  1604 | D:3      | Reached skill level 5 in Fighting
  1604 | D:3      | Reached skill level 5 in Shields
  1604 | D:3      | Reached skill level 5 in Armour
  1604 | D:3      | Reached XP level 5. HP: 38/48 MP: 4/4
  1649 | D:3      | Reached XP level 6. HP: 53/56 MP: 5/5
  1705 | D:3      | Found a white marble altar of Elyvilon.
  1745 | D:3      | Noticed Natasha
  1751 | D:3      | Killed Natasha
  1753 | D:3      | Reached skill level 6 in Armour
  1821 | D:3      | Noticed Natasha
  1826 | D:3      | Killed Natasha
  1863 | D:3      | Found Paus's Book Emporium.
  1943 | D:3      | Noticed Natasha
  1946 | D:3      | Killed Natasha
  2059 | D:3      | Found an ancient bone altar of Kikubaaqudgha.
  2069 | D:3      | Reached skill level 7 in Armour
  2311 | D:4      | Found a blossoming altar of Fedhas.
  2419 | D:4      | Reached XP level 7. HP: 47/61 MP: 6/6
  2522 | D:4      | Reached skill level 8 in Armour
  2665 | D:4      | Found a staircase to the Ecumenical Temple.
  2673 | D:4      | Noticed Ijyb
  2678 | D:4      | Killed Ijyb
  2717 | Temple   | Entered the Ecumenical Temple
  2722 | Temple   | Became a worshipper of Makhleb the Destroyer
  2857 | D:4      | Found a runed translucent door.
  2858 | D:4      | Noticed Crazy Yiuf
  2919 | D:4      | Reached skill level 9 in Armour
  3306 | D:4      | Found a sacrificial altar of Ru.
  3484 | D:4      | Killed Crazy Yiuf
  3608 | D:5      | Entered Level 5 of the Dungeon
  3744 | D:5      | Reached skill level 10 in Armour
  3744 | D:5      | Reached XP level 8. HP: 46/68 MP: 7/7
  3749 | D:5      | Reached skill level 1 in Invocations
  3749 | D:5      | Reached * piety under Makhleb
  4065 | D:5      | Found a shimmering altar of Xom.
  4147 | D:5      | Found a shadowy altar of Dithmenos.
  4148 | D:5      | Found a glowing silver altar of Zin.
  4707 | D:5      | Found a stormy altar of Qazlal.
  5089 | D:6      | Noticed a troll
  5099 | D:6      | Killed a troll
  5100 | D:6      | Reached skill level 5 in Invocations
  5412 | D:6      | Noticed Duvessa
  5421 | D:6      | Killed Duvessa
  5430 | D:6      | Noticed Dowan
  5437 | D:6      | Killed Dowan
  5705 | D:6      | Reached XP level 9. HP: 68/74 MP: 13/13
  5951 | D:7      | Identified the +5 ring mail of Polish {Will+ Int+4 Dex-5
                  | Stlth+}
  6176 | D:7      | Reached ** piety under Makhleb
  6186 | D:7      | Found a hazy altar of Hepliaklqana.
  6216 | D:7      | Found a broken altar of Ashenzari.
  6307 | D:8      | Noticed Joseph
  6317 | D:8      | Killed Joseph
  6327 | D:8      | Reached skill level 10 in Invocations
  6554 | D:8      | Found a basalt altar of Yredelemnul.
  6627 | D:8      | Found an ornate altar of the Wu Jian Council.
  6705 | D:8      | Reached XP level 10. HP: 29/81 MP: 16/16
  6930 | D:8      | Reached skill level 5 in Long Blades
  7010 | D:8      | Noticed a centaur warrior
  7019 | D:8      | Killed a centaur warrior
  7180 | D:8      | Noticed a two-headed ogre
  7180 | D:8      | Noticed a cyclops
  7377 | D:8      | Killed a cyclops
  7394 | D:8      | Killed a two-headed ogre
  7394 | D:8      | Reached *** piety under Makhleb
  7494 | D:8      | Identified the ring "Muluclil" {rPois rF++ EV+5 Str-5
                  | Dex+3}
  7635 | D:8      | Reached skill level 10 in Long Blades
  8300 | D:9      | Reached XP level 11. HP: 36/86 MP: 17/17
  8644 | D:9      | Found Suweocaapp's Jewellery Shoppe.
  8647 | D:9      | Noticed a two-headed ogre
  8656 | D:9      | Killed a two-headed ogre
  9155 | D:10     | Entered Level 10 of the Dungeon
  9303 | D:10     | Reached **** piety under Makhleb
  9353 | D:10     | Noticed a two-headed ogre
  9365 | D:10     | Killed a two-headed ogre
  9369 | D:10     | Noticed a tengu warrior
  9380 | D:10     | Reached skill level 1 in Throwing
  9389 | D:10     | Killed a tengu warrior
  9433 | D:10     | Noticed a deep elf zephyrmancer
  9443 | D:10     | Killed a deep elf zephyrmancer
  9502 | D:10     | Found a staircase to the Lair.
  9600 | D:10     | Reached skill level 5 in Throwing
  9710 | D:10     | Identified the amulet "Fofakh" {rPois Regen+ rCorr Int-2
                  | Stlth+}
  9710 | D:10     | Noticed a tengu warrior
  9715 | D:10     | Killed a tengu warrior
 10048 | D:10     | Reached XP level 12. HP: 68/88 MP: 18/18
 10121 | D:10     | Found a runed translucent gate.
 10121 | D:10     | Found a runed translucent gate.
 10122 | D:10     | Found Faucid's Antique Weapon Emporium.
 10124 | D:10     | Noticed Gadfly's ghost (journeyman DsMo)
 10125 | D:10     | Found a runed translucent gate.
 10405 | D:10     | Found a viscous altar of Jiyva.
 10614 | D:11     | Noticed a two-headed ogre
 10622 | D:11     | Killed a two-headed ogre
 10666 | D:11     | Noticed a two-headed ogre
 10672 | D:11     | Killed a two-headed ogre
 10686 | D:11     | Noticed Maurice
 10699 | D:11     | Killed Maurice
 10821 | D:11     | Noticed a two-headed ogre
 10831 | D:11     | Killed a two-headed ogre
 10840 | D:11     | Reached skill level 11 in Armour
 10840 | D:11     | Noticed a two-headed ogre
 10855 | D:11     | Killed a two-headed ogre
 11151 | D:11     | Noticed a boulder beetle
 11170 | D:11     | Reached ***** piety under Makhleb
 11171 | D:11     | Killed a boulder beetle
 11204 | D:11     | Noticed a boulder beetle
 11217 | D:11     | Killed a boulder beetle
 11290 | D:11     | Noticed a two-headed ogre
 11295 | D:11     | Reached skill level 12 in Armour
 11305 | D:11     | Killed a two-headed ogre
 11318 | D:11     | Noticed a two-headed ogre
 11325 | D:11     | Killed a two-headed ogre
 11894 | D:11     | Reached skill level 13 in Armour
 12257 | D:12     | Noticed Nergalle
 12340 | D:12     | Reached XP level 13. HP: 97/100 MP: 21/21
 12457 | D:12     | Found a blossoming altar of Fedhas.
 12605 | D:12     | Killed Nergalle
 12785 | D:12     | Found a staircase to the Orcish Mines.
 13042 | D:13     | Reached skill level 14 in Armour
 13111 | D:13     | Identified the +9 plate armour of Mietagotaz {Will+ Str+5}
 13157 | D:13     | Found Luwacazo's Assorted Antiques.
 13166 | D:13     | Bought 2 potions of ambrosia for 448 gold pieces
 13166 | D:13     | Bought a long brass wand for 112 gold pieces
 13166 | D:13     | Bought a scroll of identify for 56 gold pieces
 13166 | D:13     | Bought a scroll of teleportation for 84 gold pieces
 13166 | D:13     | Bought a scroll labelled XOYCHE VEOFA for 28 gold pieces
 13453 | D:13     | Found a radiant altar of Vehumet.
 13512 | D:13     | Reached skill level 15 in Armour
 13601 | D:13     | Found a gate to the Vaults.
 13750 | D:14     | Reached skill level 16 in Armour
 13788 | D:14     | Identified the +0 ring mail of Card Tricks {Int+3 Stlth+}
 13800 | D:14     | Identified the +0 robe "Waugom" {Str+6}
 13853 | D:14     | Noticed Jorgrun
 14015 | D:10     | Demolished by an enormous slime creature

Illustrated notes

Levels and vault maps discovered:
D:1:      elethiomel_arrival_quiet, layout_rooms,
          ebering_ecumenical_altar_sacrificial, minmay_pentomino_o2
D:2:      layout_basic, basic_altar
D:3:      layout_loops_ring, kennysheep_vampire_church,
          mainiacjoe_overflow_cross_hatched, nicolae_elyvilon_peaceful_grove,
          serial_shops, shop, minmay_circle_x, uniq_grinder, uniq_natasha
D:4:      layout_cave_pods, nicolae_overflow_hidden_temple,
          nicolae_ru_great_annihilating_truth, mainiacjoe_overflow_brackets,
          minmay_temple_entry_junction_2, kennysheep_doodads, uniq_ijyb,
          uniq_crazy_yiuf_cottage
D:5:      nicolae_BIG_FREAKIN_CUBE, layout_layer_cave, lemuel_doored_altar,
          grunt_temple_overflow_open, minmay_misc_feat_pillars
D:6:      layout_basic, uniq_duvessa
D:7:      layout_rooms, mainiacjoe_overflow_small_starburst,
          worldfamousw_hep_ancestral_shrine
D:8:      kennysheep_windowed_halls, layout_rooms,
          mainiacjoe_overflow_two_lobes, serial_glass, glass_columns_a,
          glass_columns_c, uniq_joseph
D:9:      layout_irregular_city, serial_shops, shop
D:10:     layout_irregular_city, david_lair_generic, serial_shops,
          nicolae_shop_waterfront, gammafunk_ghost_ooze, reono_crystal_passage,
          nicolae_doodle_vault
D:11:     minmay_imperfect_grid, layout_irregular_city, uniq_maurice
D:12:     layout_cave_pools, hiddenorc1_lemuel, tgw_fedhas, uniq_nergalle
D:13:     layout_roguey, ximxim_vaults_locker_room, serial_shops,
          nicolae_lakefront_shop, fiery_altar_vehumet
D:14:     layout_basic, serial_bayou_shore_b, gammafunk_ghost_grave,
          argonaut_gorgonesque, uniq_jorgrun
Temple:   hellmonk_temple_micro_hex

Skill      XL: |  1  2  3  4  5  6  7  8  9 10 11 12 13 |
---------------+----------------------------------------+-----
Dodging        | 1 3 |  3.0
Shields        | 4 5 |  5.1
Fighting       | 4 5 |  5.2
Armour         | 5 7 10 13 16 | 16.7
Invocations    | 7 10 12 | 12.5
Evocations     | 3 |  3.1
Long Blades    | 3 11 14 | 14.4
Throwing       | 6 |  6.0
Axes           | |  2.4

Action                     |  1- 3 |  4- 6 |  7- 9 | 10-12 | 13-15 || total
---------------------------+-------+-------+-------+-------+-------++-------
  Melee: War axe           |    83 |       |       |       |       ||    83
         Headbutt          |    10 |     7 |    44 |   127 |    79 ||   267
         Long sword        |     1 |    61 |   231 |   548 |   254 ||  1095
  Throw: Dart              |       |       |       |    13 |       ||    13
  Evoke: Wand              |       |       |       |    12 |     8 ||    20
    Use: Scroll            |     5 |       |     5 |    14 |     5 ||    29
         Potion            |     2 |       |     3 |     5 |     2 ||    12
   Stab: Paralysed         |       |       |     1 |       |       ||     1
 Armour: Scale mail        |    80 |    65 |   192 |   181 |       ||   518
         Plate armour      |       |       |       |   139 |   162 ||   301
  Dodge: Dodged            |    56 |    35 |   142 |   254 |   113 ||   600
  Block: Buckler           |    18 |    23 |   152 |   202 |    51 ||   446
         Reflection        |       |       |     6 |    10 |       ||    16
